 Dungeon Crawl Stone Soup version 0.31-a0-1068-g5939ac1fb6 (webtiles) character file.

Game seed: 5707618271621924882

1113 Azuregosa the Sneak (level 8, -5/58 HPs)
             Began as an Octopode Delver on Nov 24, 2023.
             Was a Believer of Sif Muna.
             Slain by an orc warrior
             ... wielding a +0 battleaxe
              (12 damage)
             ... on level 6 of the Dungeon.
             The game lasted 00:17:05 (4962 turns).

Azuregosa the Sneak (Octopode Delver)               Turns: 4962, Time: 00:17:05

Health: -5/58      AC:  6    Str: 12    XL:     8   Next: 33%
Magic:  17/17      EV: 12    Int: 14    God:    Sif Muna [**....]
Gold:   242        SH:  5    Dex: 13    Spells: 19/19 levels left

rFire   . . .        o - +2 rapier (speed)
rCold   . . .        l - +1 buckler {AC+3}
rNeg    . . .        d - +2 hat
rPois   .            (no amulet)
rElec   .            y - ring of see invisible
rCorr   .            (no ring)
SInv    +            (no ring)
Will    .....        (no ring)
Stlth   ++++         (no ring)
HPRegen 0.29/turn    (no ring)
MPRegen 0.15/turn    (no ring)
                     (no ring)

%: no passive effects
@: no status effects
A: almost no armour, amphibious, 8 rings, camouflage 1, gelatinous body 1,
(nimble swimmer 1), tentacles
a: Renounce Religion, Channel Magic


You were on level 6 of the Dungeon.
You worshipped Sif Muna.
Sif Muna was pleased with you.
You visited 2 branches of the dungeon, and saw 7 of its levels.
You also visited: Ossuary.

You collected 242 gold pieces.

Inventory:

Hand Weapons
 a - a +0 falchion
 o - a +2 rapier of speed (weapon)
 r - a +4 short sword
 B - a +2 whip of draining
 C - a +3 quarterstaff of chaos
Missiles
 q - 28 stones
 s - 9 poisoned darts
 A - 4 javelins
Armour
 d - a +2 hat (worn)
 l - a +1 buckler of protection (worn)
Jewellery
 v - a ring of ice
 y - a ring of see invisible (left tentacle)
Wands
 f - a wand of digging (3)
 K - a wand of roots (9)
Scrolls
 b - 3 scrolls of fog
 m - a scroll of noise
 n - 6 scrolls of revelation
 p - 3 scrolls of teleportation {unknown}
 t - 3 scrolls of poison {unknown}
 w - 4 scrolls of butterflies
 E - a scroll of amnesia
 I - a scroll of fear
 J - a scroll of immolation
Potions
 c - 3 potions of invisibility {unknown}
 e - a potion of haste
 g - a potion of brilliance {unknown}
 h - 5 potions of mutation
 i - 2 potions of heal wounds {unknown}
 j - 4 potions of curing {unknown}
 k - a potion of cancellation {unknown}
 u - a potion of might {unknown}
 x - a potion of enlightenment {unknown}
 z - 2 potions of resistance {unknown}
 F - a potion of attraction {unknown}
 H - a potion of lignification {unknown}


   Skills:
 - Level 6.4 Fighting
 - Level 2.0 Long Blades
 - Level 2.0 Dodging
 - Level 6.6 Stealth
 + Level 2.4 Shields
 - Level 6.4 Spellcasting


You had 19 spell levels left.
You didn't know any spells.
Your spell library was empty.

Dungeon Overview and Level Annotations

Branches:
Dungeon (6/15)             Temple (1/1) D:5         Ossuary (visited)

Altars:
Dithmenos
Elyvilon
Hepliaklqana
Kikubaaqudgha
Makhleb
Nemelex Xobeh
Qazlal
Ru
Sif Muna
Trog
Uskayaw
Xom
Yredelemnul
The Shining One

Shops:
D:4 *

Annotations:
D:4 Edmund, Eustachio, Pikel


Innate Abilities, Weirdness & Mutations

You cannot wear most types of armour.
You are amphibious.
You can wear up to eight rings at the same time.
Your skin changes colour to match your surroundings (Stealth+).
Your rubbery body absorbs attacks. (AC +1, EV +1)
((You are camouflaged when in or above water. (Stealth+)))
You have tentacles for arms and can constrict up to eight enemies at once.


Message History

The orc warrior hits you with a +0 battleaxe!
You hit the orc warrior but do no damage.
The orc warrior is lightly wounded.
You constrict the orc warrior, but do no damage.
The orc warrior barely misses you.
You hit the orc warrior.
You squeeze the orc warrior, but do no damage.
The orc warrior is moderately wounded.
You constrict the orc warrior, but do no damage.
The orc warrior hits you with a +0 battleaxe!!
You hit the orc warrior. Your squeeze misses the orc warrior.
The orc warrior is heavily wounded.
You constrict the orc warrior, but do no damage.
The orc warrior hits you with a +0 battleaxe.
* * * LOW HITPOINT WARNING * * *
You hit the orc warrior but do no damage.
You tentacle-slap the orc warrior.
The orc warrior is heavily wounded.
You constrict the orc warrior. The orc warrior completely misses you.
Aiming: Fastroot
Press: ? - help, Shift-Dir - straight line, f - orc
Aim: an orc, wielding a +0 short sword and quivering boomerangs The roots erupt in riotous growth!
The orc warrior is unaffected.
Roots grab the orc. x2
You constrict the orc warrior, but do no damage.
The grasping roots constrict the orc. x2
The orc warrior hits you with a +0 battleaxe!
* * * LOW HITPOINT WARNING * * *
You release your grip on the orc warrior.
The grasping roots constrict the orc!
You kill the orc!
Sif Muna accepts your kill.
The grasping roots constrict the orc.
You kill the orc!
Sif Muna accepts your kill.
The orc warrior attacks as it pursues you!
The orc warrior barely misses you.
The orc warrior attacks as it pursues you!
The orc warrior hits you with a +0 battleaxe!
You die...

#...##.....##..#####..
#. ##..#..###........
..##..###..##..####..
......###.....######.
#.....#.............
#.##.))...#.........
#.####.##.#.#######.
.#.####.##.#.##
........o@....#
##.#######.#..#
#.#..........#
#.#'#####....#
#########....#
#........
.............#
#..#.##.#
........#....# #..#...
# ........#....#
#.#####.
........#....# #.. #


You could see an orc warrior.

Vanquished Creatures
  Menkaure (D:5)
  An ogre (D:5)
  3 phantoms
  A lemure (D:4)
  2 scorpions
  A centaur zombie (Ossuary)
  A human zombie (Ossuary)
  Crazy Yiuf (D:3)
  An orc priest (D:6)
  A hound (D:5)
  A sleepcap (D:4)
  3 iguanas
  Natasha (thrice) (D:3)
  5 mummies (Ossuary)
  3 gnolls (D:2)
  5 adders
  2 worms
  2 dart slugs
  8 orcs
  8 ball pythons
  4 bats
  9 endoplasms
  6 giant cockroaches
  6 goblins
  4 hobgoblins
  2 jackals (D:1)
  3 quokkas
  6 frilled lizards
  2 goblin zombies (Ossuary)
  2 hobgoblin zombies (Ossuary)
  4 kobolds
  2 orc zombies (Ossuary)
  6 rats
109 creatures vanquished.

Notes
Turn   | Place    | Note
-------+----------+-------------------------------------------
     0 | D:5      | Azuregosa the Octopode Delver began the quest for the Orb.
     0 | D:5      | Reached XP level 1. HP: 16/16 MP: 1/1
    32 | D:5      | Noticed an iguana
    37 | D:5      | Found a staircase to the Ecumenical Temple.
    42 | Temple   | Entered the Ecumenical Temple
    49 | Temple   | Became a worshipper of Sif Muna the Loreminder
   105 | D:5      | Noticed Menkaure
   111 | D:5      | Found a sand-covered staircase.
   117 | Ossuary  | Entered an ossuary
   139 | Ossuary  | Reached XP level 2. HP: 19/22 MP: 2/2
   141 | Ossuary  | HP: 1/22 [mummy (18)]
   143 | Ossuary  | Reached XP level 3. HP: 2/27 MP: 3/3
   280 | Ossuary  | Reached XP level 4. HP: 10/34 MP: 4/4
   427 | Ossuary  | Reached skill level 5 in Fighting
   576 | Ossuary  | Reached XP level 5. HP: 17/39 MP: 5/5
   937 | D:4      | Noticed Eustachio
   937 | D:4      | Noticed Edmund
  1302 | D:1      | Reached * piety under Sif Muna
  1407 | D:1      | Reached XP level 6. HP: 44/47 MP: 6/6
  1676 | D:2      | Reached skill level 1 in Spellcasting
  2380 | D:3      | Noticed Natasha
  2387 | D:3      | Killed Natasha
  2473 | D:3      | Reached ** piety under Sif Muna
  2529 | D:3      | Found a runed translucent door.
  2530 | D:3      | Noticed Crazy Yiuf
  2538 | D:3      | Killed Crazy Yiuf
  3199 | D:4      | Noticed Pikel
  3349 | D:3      | Noticed Natasha
  3352 | D:3      | Killed Natasha
  3519 | D:3      | Noticed Natasha
  3526 | D:3      | Killed Natasha
  3613 | D:4      | Reached XP level 7. HP: 53/53 MP: 12/12
  3698 | D:4      | Found Vempeun's Elemental Accessories.
  4149 | D:5      | Killed Menkaure
  4150 | D:5      | Reached skill level 5 in Spellcasting
  4246 | D:5      | Found an ancient bone altar of Kikubaaqudgha.
  4646 | D:5      | Reached XP level 8. HP: 43/58 MP: 15/17
  4744 | D:5      | Identified a scroll of acquirement
  4745 | D:5      | Acquired a +0 buckler of protection
  4930 | D:6      | Found a shadowy altar of Dithmenos.
  4962 | D:6      | Slain by an orc warrior

Illustrated notes

Levels and vault maps discovered:
D:1:      hellmonk_arrival_library, layout_rooms
D:2:      layout_loops_cross, nrook_uturn, minivault_26, serial_bayou_pond_e,
          st_stairs_7, minmay_indecisive_spiral
D:3:      layout_loops_cross, uniq_crazy_yiuf_cottage, uniq_natasha
D:4:      dreamdust_elfheim, layout_basic, nicolae_elemental_shop,
          uniq_eustachio, uniq_edmund, uniq_pikel
D:5:      layout_gridville, nicolae_overflow_crystal_walls, temple_doors_ab,
          nicolae_ossuary_entry_monument, uniq_menkaure
D:6:      layout_basic, nicolae_dithmenos_shadow_blocks
Temple:   nicolae_temple_no_exploring_needed

Skill      XL: |  1  2  3  4  5  6  7  8 |
---------------+-------------------------+-----
Fighting       | 4 5 6 |  6.4
Spellcasting   | 3 6 |  6.4
Shields        | 2 |  2.4
Long Blades    | |  2.0
Dodging        | |  2.0
Stealth        | |  6.6

Action                     |  1- 3 |  4- 6 |  7- 9 || total
---------------------------+-------+-------+-------++-------
  Melee: Falchion          |    23 |    32 |       ||    55
         Tentacles         |     4 |    25 |    25 ||    54
         Constrict         |     4 |    25 |    13 ||    42
         Punch             |       |     3 |     2 ||     5
         Rapier            |       |   133 |    89 ||   222
  Evoke: Wand              |       |       |     1 ||     1
    Use: Scroll            |     1 |     1 |     7 ||     9
         Potion            |       |       |     1 ||     1
   Stab: Sleeping          |     2 |    30 |    10 ||    42
         Distracted        |       |     1 |       ||     1
 Armour: Skin              |    12 |    58 |    50 ||   120
  Dodge: Dodged            |    19 |    53 |    55 ||   127
  Block: Buckler           |       |       |     1 ||     1

Table legend: (Time is in decaauts)
 A = Elapsed time spent in this place.
 B = Non-inter-level travel time spent in this place.
 C = Inter-level travel time spent in this place.
 D = Time resting spent in this place.
 E = Time spent auto-exploring this place.
 F = Levels seen in this place.
 G = Mean time per level.
                   A        B        C        D        E       F      G
               +--------+--------+--------+--------+--------+-----+--------+
         Total |   4898 |   4788 |    110 |    917 |   2200 |   8 |  612.2 |
       Dungeon |   4183 |   4073 |    110 |    485 |   2200 |   6 |  697.2 |
        Temple |     14 |     14 |      0 |      0 |      0 |   1 |   14.0 |
       Ossuary |    701 |    701 |      0 |    432 |      0 |   1 |  701.0 |
               +--------+--------+--------+--------+--------+-----+--------+

Top non-repeatable levels by time:
     D:5: 1120 daAuts
     D:3: 1105 daAuts
     D:2: 716 daAuts
 Ossuary: 701 daAuts
     D:4: 657 daAuts
     D:1: 508 daAuts
     D:6: 74 daAuts
  Temple: 14 daAuts
